 Dungeon Crawl Stone Soup version 0.21-a0-314-gb3271ec (webtiles) character file.

145 kae the Charmwright (level 5, -2/43 HPs)
             Began as a Gnoll Skald on Sept 29, 2017.
             Was an Initiate of Okawaru.
             Slain by a centaur skeleton (5 damage)
             ... on level 4 of the Dungeon.
             The game lasted 00:03:25 (2719 turns).

kae the Charmwright (Gnoll Skald)                   Turns: 2719, Time: 00:03:26

Health: -2/43      AC:  3    Str: 14    XL:     5   Next: 27%
Magic:  10/12      EV: 14    Int: 16    God:    Okawaru [......]
Gold:   216        SH:  0    Dex: 14    Spells: 8/13 levels left

rFire    . . .     SeeInvis .   g - +1 hand axe (drain)
rCold    . . .     Gourm    .   (no shield)
rNeg     . . .     Faith    .   b - +0 leather armour
rPois    .         Spirit   .   (no helmet)
rElec    .         Reflect  .   (no cloak)
rCorr    .         Harm     .   (no gloves)
MR       .....                  (no boots)
Stlth    +.........             (no amulet)
HPRegen  0.14/turn              o - ring of wizardry
MPRegen  0.13/turn              (no ring)

@: lethally poisoned (-2 -> -12), infused
A: distributed training, fangs 1, strong nose
a: Renounce Religion


You were on level 4 of the Dungeon.
You worshipped Okawaru.
Okawaru was noncommittal.
You were not hungry.

You visited 1 branch of the dungeon, and saw 4 of its levels.

You collected 216 gold pieces.

Inventory:

Hand Weapons
 a - a +0 falchion
 g - a +1 hand axe of draining (weapon)
 s - a +0 falchion of distortion
Missiles
 e - a throwing net (quivered)
Armour
 b - a +0 leather armour (worn)
Jewellery
 o - a ring of wizardry (left hand)
Scrolls
 n - 3 scrolls of blinking
 r - 2 scrolls of fog
 u - a scroll of remove curse
Potions
 f - 2 potions of haste
 h - 3 potions of lignification
 i - 2 potions of degeneration
 j - 4 potions of agility
 k - a potion of heal wounds
 m - a potion of flight {unknown}
 q - a potion of mutation {unknown}
 t - a potion of curing {unknown}
Books
 c - a book of Battle

   Spells                             Type                      Level
   a - Infusion                       Charms                       1
   b - Shroud of Golubria             Charms/Translocation         2
   c - Song of Slaying                Charms                       2
   d - Spectral Weapon                Hexes/Charms                 3
   e - Regeneration                   Charms/Necromancy            3
Comestibles
 d - a bread ration
 l - a royal jelly
 p - a meat ration
 v - a chunk of flesh


   Skills:
 + Level 4.7 Fighting
 + Level 1.3 Short Blades
 + Level 5.3 Long Blades
 + Level 1.3 Axes
 + Level 0.8 Maces & Flails
 + Level 0.8 Polearms
 + Level 0.8 Staves
 + Level 2.3 Slings
 + Level 1.7 Bows
 + Level 0.8 Crossbows
 + Level 0.8 Throwing
 + Level 2.8 Armour
 + Level 4.9 Dodging
 + Level 0.8 Stealth
   Level 0.0 Stabbing
 + Level 0.0 Shields
   Level 0.0 Traps
 + Level 1.3 Unarmed Combat
 + Level 4.8 Spellcasting
 + Level 1.3 Conjurations
 + Level 1.3 Hexes
 + Level 6.7 Charms
 + Level 2.6 Summonings
 + Level 1.3 Necromancy
 + Level 0.8 Translocations
 + Level 1.3 Transmutations
 + Level 0.8 Fire Magic
 + Level 1.7 Ice Magic
 + Level 0.8 Air Magic
 + Level 2.6 Earth Magic
 + Level 0.8 Poison Magic
 + Level 0.0 Invocations
 + Level 0.8 Evocations


You had 8 spell levels left.
You knew the following spells:

 Your Spells              Type           Power        Failure   Level  Hunger
a - Infusion              Chrm           ####         1%          1    None
b - Song of Slaying       Chrm           ####....     1%          2    ##.....
c - Shroud of Golubria    Chrm/Tloc      ###.......   2%          2    ##.....


Dungeon Overview and Level Annotations

Branches:
Dungeon (4/15)
 Temple: D:4-7

Altars:
Okawaru
Trog


Innate Abilities, Weirdness & Mutations

Your experience applies equally to all skills.
You have very sharp teeth.
Your uncanny sense of smell can sniff out nearby items.


Message History

You feel sick. The centaur skeleton hits you.
* * * LOW HITPOINT WARNING * * *
The worker ant bites you.
* * * LOW HITPOINT WARNING * * *
The centaur skeleton hits you.
* * * LOW HITPOINT WARNING * * *
* * * LOW HITPOINT WARNING * * *
You feel sick. The worker ant bites you.
* * * LOW HITPOINT WARNING * * *
The centaur skeleton hits you.
* * * LOW HITPOINT WARNING * * *
You hit the worker ant. You drain the worker ant!
You kill the worker ant!
Okawaru accepts your kill.
Your Hexes skill increases to level 1!
Your Ice Magic skill increases to level 1!
You hit the centaur skeleton!
* * * LOW HITPOINT WARNING * * *
You feel sick. The centaur skeleton hits you.
You die...

#.#.<.....#...#.##.#
#(...........##.# ..
##....####.### .#
#.........# ##.#
#...########... #...#
#...# #...# #<=.#
####...######...##...
..............@Z....#
......................
.................>...#
.##.#....###.#.#######
...#....# #.#.# ##.
#....# #.#.# # .......
#.### ........ #.#
....... #..


You could see a centaur skeleton.

Vanquished Creatures
  Terence (D:3)
  A worker ant (D:4)
  3 adders
  4 worms
  A dart slug (D:2)
  3 leopard geckos
  An orc (D:4)
  A giant cockroach (D:2)
  7 goblins
  4 hobgoblins
  2 jackals (D:2)
  5 kobolds
  A ball python (D:3)
  9 bats
  2 frilled lizards (D:1)
  15 rats
60 creatures vanquished.

Notes
Turn   | Place    | Note
-------+----------+-------------------------------------------
     0 | D:1      | kae the Gnoll Skald began the quest for the Orb.
     0 | D:1      | Reached XP level 1. HP: 20/20 MP: 6/6
   159 | D:1      | Reached skill level 1 in Earth Magic
   175 | D:1      | Reached XP level 2. HP: 25/26 MP: 7/7
   397 | D:1      | Reached XP level 3. HP: 31/31 MP: 9/9
   428 | D:1      | Reached skill level 1 in Slings
   875 | D:2      | Reached skill level 1 in Axes
   875 | D:2      | Reached skill level 1 in Summonings
  1047 | D:2      | Learned a level 2 spell: Song of Slaying
  1050 | D:2      | Learned a level 2 spell: Shroud of Golubria
  1455 | D:2      | Reached skill level 1 in Bows
  1589 | D:3      | Reached skill level 5 in Long Blades
  1589 | D:3      | Reached XP level 4. HP: 38/38 MP: 6/10
  1822 | D:3      | Noticed Terence
  1871 | D:3      | Killed Terence
  1871 | D:3      | Reached skill level 1 in Short Blades
  1871 | D:3      | Reached skill level 1 in Unarmed Combat
  1871 | D:3      | Reached skill level 1 in Transmutations
  1958 | D:3      | Noticed a moth of wrath
  1960 | D:3      | Found a bloodstained altar of Trog.
  2560 | D:4      | Found an iron altar of Okawaru.
  2565 | D:4      | Reached skill level 1 in Necromancy
  2572 | D:4      | Reached skill level 1 in Conjurations
  2572 | D:4      | Reached XP level 5. HP: 33/43 MP: 7/12
  2578 | D:4      | Became a worshipper of Warmaster Okawaru
  2719 | D:4      | Reached skill level 1 in Hexes
  2719 | D:4      | Reached skill level 1 in Ice Magic
  2719 | D:4      | Slain by a centaur skeleton

Vault maps used:
D:1:      evilmike_arrival_hilbert_curve
D:3:      tgw_trog, uniq_terence
D:4:      nemelex_xobeh_ov_fountains_minmay, kiku_gazebo_garden_becter,
          nicolae_qazlal_eye_of_the_storm, hangedman_abyss_or_decor_passed,
          okawaru_ov_weapons_minmay

Skill      XL: |  1  2  3  4  5 |
---------------+----------------+-----
Earth Magic    | 1 2 |  2.6
Slings         | 2 |  2.3
Axes           | 1 |  1.3
Summonings     | 1 2 |  2.6
Bows           | 1 |  1.7
Long Blades    | 5 |  5.3
Short Blades   | 1 |  1.3
Unarmed Combat | 1 |  1.3
Transmutations | 1 |  1.3
Necromancy     | 1 |  1.3
Conjurations   | 1 |  1.3
Hexes          | 1 |  1.3
Ice Magic      | 1 |  1.7
Fighting       | |  4.7
Maces & Flails | |  0.8
Polearms       | |  0.8
Staves         | |  0.8
Crossbows      | |  0.8
Throwing       | |  0.8
Armour         | |  2.8
Dodging        | |  4.9
Stealth        | |  0.8
Spellcasting   | |  4.8
Charms         | |  6.7
Translocations | |  0.8
Fire Magic     | |  0.8
Air Magic      | |  0.8
Poison Magic   | |  0.8
Evocations     | |  0.8

Action                   |  1- 3 |  4- 6 || total
-------------------------+-------+-------++-------
Melee: Falchion          |    98 |    57 ||   155
       Bite              |     7 |     9 ||    16
       Punch             |       |     1 ||     1
       Hand axe          |       |     8 ||     8
 Cast: Infusion          |     4 |     5 ||     9
       Shroud of Golubri |       |     2 ||     2
  Use: Scroll            |     9 |     1 ||    10
 Stab: Sleeping          |     2 |       ||     2
  Eat: Chunk             |     2 |     4 ||     6
Armor: Leather armour    |    20 |     9 ||    29
Dodge: Dodged            |    80 |    36 ||   116
       Rpst.: Falchion   |    28 |    11 ||    39

Table legend:
 A = Spawn XP
 B = Non-spawn XP
 C = Spawn XP percentage of total XP
 D = Spawn monster count
 E = Non-spawn monster count
 F = Spawn count percentage of total count
 G = Total turns spent on level
                    A         B        C        D         E        F      G
               +---------+---------+-------+---------+---------+-------+---------
         Total |       0 |     208 |   0.0 |       0 |      60 |   0.0 |  2719
               +---------+---------+-------+---------+---------+-------+---------
           D:1 |       0 |      40 |   0.0 |       0 |      27 |   0.0 |   768
           D:2 |       0 |      33 |   0.0 |       0 |      13 |   0.0 |   985
           D:3 |       0 |      81 |   0.0 |       0 |      16 |   0.0 |   800
           D:4 |       0 |      54 |   0.0 |       0 |       4 |   0.0 |   166
               +---------+---------+-------+---------+---------+-------+---------
